 Dungeon Crawl Stone Soup version 0.28.0 (webtiles) character file.

Game seed: 6567761065602713700

132 SnakkuSnakku7 the Magician (level 5, -3/38 HPs)
             Began as a Djinni Gladiator on Feb 10, 2022.
             Slain by an orc (5 damage)
             ... on level 3 of the Dungeon.
             The game lasted 00:02:28 (1871 turns).

SnakkuSnakku7 the Magician (Djinni Gladiator)       Turns: 1871, Time: 00:02:28

Health: -3/38      AC:  4    Str: 13    XL:     5   Next: 38%
Gold:   86         EV: 12    Int: 12    God:
                   SH:  0    Dex: 14

rFire   + + .      SeeInvis .   a - +1 short sword (venom)
rCold   x . .      Faith    .   (no shield)
rNeg    + . .      Spirit   .   b - +0 leather armour
rPois   ∞          Reflect  .   c - +0 helmet
rElec   .          Harm     .   (no cloak)
rCorr   .          Rampage  .   (no gloves)
Will    .....                   (boots unavailable)
Stlth   +.........              (no amulet)
HPRegen 0.12/turn               k - ring of positive energy
MPRegen 0.00/turn               (no ring)

@: attractive, flying
A: sickness immunity, fire resistance 2, cold vulnerability 1, float, innate
caster, HP casting, extra vitality 1
a: no special abilities


You were on level 3 of the Dungeon.
You visited 1 branch of the dungeon, and saw 3 of its levels.

You collected 86 gold pieces.

Inventory:

Hand Weapons
 a - a +1 short sword of venom (weapon)
 h - a +0 quarterstaff
Missiles
 d - 3 throwing nets (quivered)
Armour
 b - a +0 leather armour (worn)
 c - a +0 helmet (worn)
Jewellery
 k - a ring of positive energy (left hand)
Wands
 m - a wand of paralysis (15)
Scrolls
 g - 2 scrolls of torment {unknown}
 j - a scroll of fear {unknown}
Potions
 e - a potion of flight {unknown}
 i - a potion of degeneration {unknown}
 l - a potion of magic {unknown}
 n - a potion of heal wounds {unknown}
 o - a potion of invisibility {unknown}


   Skills:
 - Level 2.0 Fighting
 - Level 2.6 Staves
 - Level 1.5 Throwing
 - Level 3.2 Dodging
 + Level 3.4 Spellcasting


You had 7 spell levels left.
You knew the following spells:

 Your Spells              Type           Power      Damage    Failure   Level
a - Apportation           Tloc           20%        N/A       7%          1
b - Wereblood             Tmut           10%        N/A       11%         2
Your spell library was empty.

Dungeon Overview and Level Annotations

Branches:
Dungeon (3/15)

Altars:


Innate Abilities, Weirdness & Mutations

You are immune to sickness and miasma.
You are immune to poison.
Your flesh is very heat resistant. (rF++)
You are vulnerable to cold. (rC-)
You float through the air rather than walking.
You learn spells naturally, not from books.
Your magical power is your life essence.
You have superior vitality. (+4 MHP)


Message History

You hit the orc.
The orc is poisoned.
The orc is heavily wounded.
The orc misses you. The orc closely misses you.
There is an open door here.
You hit the orc.
You feel a bit better.
You kill the orc!
You hit the orc but do no damage.
The orc is poisoned.
You howl as the wereblood boils in your veins!
You hit the orc but do no damage.
The orc looks even sicker.
You howl as the wereblood boils in your veins!
Your primal bloodlust is almost over.
The orc misses you. The orc hits you with a +0 dagger.
You hit the orc.
The orc is poisoned.
The orc is severely wounded.
The orc hits you with a +0 short sword.
* * * LOW HITPOINT WARNING * * *
The orc hits you with a +0 dagger.
* * * LOW HITPOINT WARNING * * *
You completely miss the orc.
The orc is heavily wounded.
The orc hits you with a +0 short sword.
* * * LOW HITPOINT WARNING * * *
The orc hits you with a +0 dagger.
* * * LOW HITPOINT WARNING * * *
The orc hits you but does no damage.
You hit the orc.
You feel a bit better.
You kill the orc!
The orc hits you but does no damage.
You hit the orc.
The orc looks as sick as possible!
The orc is severely wounded.
You feel a bit better.
You kill the orc!
You hit the orc but do no damage.
The orc is poisoned.
You hear a shout!
The orc barely misses you. The orc hits you with a +0 mace.
* * * LOW HITPOINT WARNING * * *
It was a potion of attraction.
You feel attractive to monsters.
Your primal bloodlust has ended.
The orc hits you with a +0 hand axe.
You die...

..##.#..####...#..#
##.#..#.)#...#..#
......#.)'..###'#
......####..')..#
..S.#...PPP..#...#
...#.#........#[..#
.
........#)##..#####
.. ..#. #..#..ooo.#
... #..#...#@.#
....
#..#.oo####.....
##+##.ooP.......
#.).o.o.....
#..####o.#.# #..'
.# #..# #..# #...


You could see 3 orcs.

Vanquished Creatures
  An orc priest (D:3)
  An iguana (D:2)
  An adder (D:2)
  A worm (D:2)
  4 orcs (D:3)
  7 ball pythons
  2 endoplasms (D:2)
  3 giant cockroaches (D:1)
  9 goblins
  7 hobgoblins
  4 jackals
  5 kobolds
  4 quokkas
  2 bats
  2 frilled lizards (D:1)
  A rat (D:2)
54 creatures vanquished.

Vanquished Creatures (others)
  A plant (D:3)
1 creature vanquished.

Grand Total: 55 creatures vanquished

Notes
Turn   | Place    | Note
-------+----------+-------------------------------------------
     0 | D:1      | SnakkuSnakku7 the Djinni Gladiator began the quest for the
                  | Orb.
     0 | D:1      | Reached XP level 1. HP: 18/18 MP: 0/0
   174 | D:1      | Reached skill level 1 in Spellcasting
   174 | D:1      | Reached XP level 2. HP: 13/23 MP: 0/0
   640 | D:1      | Reached XP level 3. HP: 26/28 MP: 0/0
   640 | D:1      | Learned a level 1 spell: Apportation
   681 | D:1      | Noticed a great orb of eyes
   683 | D:1      | Found a faded altar of an unknown god.
   685 | D:1      | Noticed a shining eye
   685 | D:1      | Noticed a floating eye
   685 | D:1      | Noticed a floating eye
  1096 | D:2      | Reached XP level 4. HP: 27/33 MP: 0/0
  1831 | D:3      | Reached XP level 5. HP: 30/38 MP: 0/0
  1831 | D:3      | Learned a level 2 spell: Wereblood
  1871 | D:3      | Slain by an orc

Illustrated notes

Levels and vault maps discovered:
D:1:      scummos_arrival_gate, layout_basic,
          hellmonk_ecumenical_altar_watching_god, minmay_octomino_e4
D:2:      layout_basic, minmay_misc_feat_enclosed, minmay_misc_feat_chi
D:3:      corexii_shack_village, layout_basic,
          gammafunk_temple_overflow_forgotten, trog_book, portal_sewer_entry_d,
          roderic_batcave, uniq_sigmund

Skill      XL: |  1  2  3  4 |
---------------+-------------+-----
Spellcasting   | 1 2 3 |  3.4
Fighting       | |  2.0
Staves         | |  2.6
Throwing       | |  1.5
Dodging        | |  3.2

Action                   |  1- 3 |  4- 6 || total
-------------------------+-------+-------++-------
Melee: Quarterstaff      |    37 |       ||    37
       Short sword       |    72 |    63 ||   135
       Punch             |     1 |     1 ||     2
 Cast: Wereblood         |       |     1 ||     1
  Use: Potion            |       |     1 ||     1
 Stab: Sleeping          |     1 |       ||     1
Armor: Leather armour    |    23 |    11 ||    34
Dodge: Dodged            |    73 |    58 ||   131
